[Event "*** Titled Tuesday Blitz"]
[Site "Chess.com"]
[Date "2020.04.14"]
[Round "8"]
[White "Bigfish1995"]
[Black "Salem-AR"]
[Result "0-1"]
[WhiteElo "3093"]
[BlackElo "2932"]
[TimeControl "180+1"]
[EndTime "11:30:25 PDT"]
[Termination "Salem-AR won on time"]

1. e4 c5 2. Nf3 d6 3. d4 cxd4 4. Nxd4 Nf6 5. Nc3 a6 6. Bd3 e6 7. f4 Qc7 8. Qf3 b6 9. g4 Bb7 10. g5 Nfd7 11. h4 Nc6 12. Be3 Nc5 13. h5 O-O-O 14.
O-O-O Be7 15. Kb1 Kb8 16. Nxc6+ Qxc6 17. Bd4 Rhg8 18. Qe3 Rc8 19. Rhg1 h6 20. g6 f6 21. Bc4 b5 22. Bxc5 dxc5 23. Bf1 b4 24. Ne2 Rgd8 25.
Bh3 a5 26. Rge1 a4 27. Ng3 c4 28. Qe2 a3 29. Qg4 b3 30. Qxe6 bxa2+ 31. Kxa2 Qa4 32.
Ra1 axb2+ 33. Kxb2 Qb4+ 34. Ka2 Rc6 35. Qxc6 Bxc6 36. Reb1 Kc7 37. Rxb4 Bxb4 38. Kb1 Rd1+ 39. Ka2 Rd2 40. Kb2 Bc5 41. Rf1 Rh2 42. Bg4 Bd4+ 43.
Kc1 Rg2 44. Rf3 c3 45. Kb1 Bb5 0-1

[Event "*** Titled Tuesday Blitz"]
[Site "Chess.com"]
[Date "2020.04.14"]
[Round "8"]
[White "suyu28"]
[Black "hitaman"]
[Result "0-1"]
[WhiteElo "2552"]
[BlackElo "2685"]
[TimeControl "180+1"]
[EndTime "11:30:25 PDT"]
[Termination "hitaman won by checkmate"]

1. d4 Nf6 2. c4 c6 3. Nf3 d5 4. e3 Bf5 5. Nc3 e6 6. Bd3 Bg6 7. O-O Nbd7 8. b3 Bd6 9. Bb2 Ne4 10. Qc2 f5 11. Ne2 Qc7 12. Nf4 Bxf4 13. exf4 Qxf4 14.
Ne5 Nxe5 15. dxe5 O-O 16. Ba3 Rf7 17. f3 Qe3+ 18. Kh1 Nc5 19. Rad1 Nxd3 20. Qxd3 Qxe5 21.
f4 Qc7 22. Bb2 Bh5 23. Rde1 Re8 24. h3 Rd7 25. Be5 Qa5 26. Qc2 d4 27. Qb2 c5 28. Rg1 Qd8 29. Qd2 h6 30. Kh2 Kh7 31.
Qf2 Bg6 32. Qd2 Rf8 33. Re2 d3 34. Re3 Bh5 35. g4 fxg4 36. hxg4 Bg6 37. Rh3 Rdf7 38. Kg3 Qc8 39. f5 exf5 40. Rgh1 f4+ 41. Bxf4 Rxf4 42.
Qxf4 Rxf4 43. Kxf4 Qc7+ 44. Ke3 Qd6 45. g5 Qd4+ 46.
Kd2 h5 47. Rh4 Qf2+ 48. Kd1 Qc2+ 49. Ke1 Qe2# 0-1

[Event "*** Titled Tuesday Blitz"]
[Site "Chess.com"]
[Date "2020.04.14"]
[Round "8"]
[White "NormWeinstein"]
[Black "martinbitel"]
[Result "0-1"]
[WhiteElo "2355"]
[BlackElo "2618"]
[TimeControl "180+1"]
[EndTime "11:30:25 PDT"]
[Termination "martinbitel won on time"]

1. e4 c5 2. Nf3 d6 3. Nc3 e5 4. Bc4 Nc6 5. d3 Be6 6. O-O Be7 7. Nd5 Nf6 8. c3 O-O 9. Re1 Na5 10. Nxf6+ Bxf6 11. Bd5 Nc6 12. Be3 Bxd5 13. exd5 Ne7 14. c4 g6 15. a3 Bg7 16. Rb1 h6 17. b4 b6 18.
bxc5 dxc5 19. a4 a5 20. Bd2 f6 21. Qe2 Nc8 22. Nh4 Kh7 23. Qg4 Qe8 24. Nf3 Nd6 25.
Rxb6 Rd8 26. Qe6 Qxe6 27. dxe6 Rfe8 28. Bxa5 Rxe6 29. Rc6 Ra8 30. Bc7 Bf8 31. a5 Kg7 32. Rb1 Kf7 33. g3 e4 34. dxe4 Nxe4 35. Rxe6 Kxe6 36. Rb6+ Kd7 37. Bf4 Rxa5 38. Rb7+ Ke6 39. Be3 g5 40. g4 Bd6 41. Rb6 Ra4 42. Nd2 Nxd2 43. Bxd2 Rxc4 44. Be3 Rxg4+ 45. Kf1 Rc4 46. h3 Kd5 47. Rb7 h5 48. Rf7 Be5 49. Rd7+ Ke6 50. Rd8 h4 51. Kg2 Rc2 52. Re8+ Kf5 53. Rc8 c4 54. Rc5 c3 55. Bd4 Ke4 0-1

[Event "*** Titled Tuesday Blitz"]
[Site "Chess.com"]
[Date "2020.04.14"]
[Round "8"]
[White "politeplayer"]
[Black "figo13"]
[Result "0-1"]
[WhiteElo "2184"]
[BlackElo "2331"]
[TimeControl "180+1"]
[EndTime "11:30:25 PDT"]
[Termination "figo13 won by resignation"]

1. e4 c5 2. d4 cxd4 3. c3 d3 4. Bxd3 d6 5. c4 Nc6 6. Nc3 g6 7. Nh3 Bxh3 8. gxh3 Nf6 9. h4 Qd7 10. Bg5 Bg7 11. Qa4 Ne5 12. Qxd7+ Kxd7 13. Be2 Rac8 14.
b3 h6 15. Bd2 Nc6 16. O-O-O Nd4 17. Bf1 e5 18. Bh3+ Ke7 19. Be3 Rc5 20. Rxd4 exd4 21.
Bxd4 Rh5 22. Rd1 Rxh4 23. Bxf6+ Kxf6 24. Nd5+ Ke5 25. Bg2 Rxh2 26. f4+ Ke6 27. Bf3 h5 28. f5+ Ke5 29. fxg6 fxg6 30. Rg1 Bh6+ 31. Kb1 g5 32.
Rd1 g4 33. Bh1 Bd2 34. Kc2 h4 35. Kd3 h3 36. Rf1 Bh6 37. Rf5+ Ke6 38. Nc7+ Kd7 39.
Rf7+ Kc6 40. Nd5 Rd2+ 41. Kc3 Rxd5 42. e5 Kb6 43. Bxd5 dxe5 44. Rxb7+ Ka6 45. c5 Be3 46.
Rb4 Bxc5 47. Bb7+ Ka5 48. a3 Bxb4+ 49. axb4+ Kb6 0-1

[Event "*** Titled Tuesday Blitz"]
[Site "Chess.com"]
[Date "2020.04.14"]
[Round "8"]
[White "AsaHoffmann"]
[Black "Alexandercs432"]
[Result "0-1"]
[WhiteElo "2283"]
[BlackElo "2127"]
[TimeControl "180+1"]
[EndTime "11:30:25 PDT"]
[Termination "Alexandercs432 won on time"]

1. d4 d5 2. Bg5 Nf6 3. Nd2 c5 4. e3 Qb6 5. Ngf3 cxd4 6. exd4 Bf5 7. Rb1 Nc6 8. Nb3 Nb4 9. Bd3 Nxd3+ 10. cxd3 e6 11. O-O Be7 12. h3 Qb5 13. Nc1 h6 14. Bh4 O-O 15. Re1 g5 16. Bg3 Qb6 17. a3 Bxa3 18.
Ne2 Bb4 19. Nc3 Rac8 20. Qa4 Bxd3 21. Rbc1 Bf5 22. Be5 Ne4 23. Re3 f6 24. Bh2 Nxf2 25. Kxf2 Bxc3 26. bxc3 Qb2+ 27. Re2 Qxc1 28. Qxa7 Bd3 29.
Rd2 Qf1+ 30. Kg3 Rxc3 31. Qb6 Bf5 32. Rf2 Qe1 33. Qd6 Rc1 34. h4 Rc3 35. hxg5 hxg5 36. Qe7 Qa1 37. Qxb7 Qa3 38. Qb2 g4 39. Qxa3 Rxa3 40.
Kf4 gxf3 41. gxf3 Rc8 42. Bg3 Kf7 43. Bh4 Rg8 44. Rb2 Ra7 45. Bg3 Rg7 46. Rb8 Rh7 47.
Ke3 Re7 48. Bd6 Rd7 49. Bc5 Rg7 50. Kf4 Rg8 0-1

[Event "*** Titled Tuesday Blitz"]
[Site "Chess.com"]
[Date "2020.04.14"]
[Round "8"]
[White "platy3"]
[Black "BilodeauA"]
[Result "1/2-1/2"]
[WhiteElo "2758"]
[BlackElo "2907"]
[TimeControl "180+1"]
[EndTime "11:30:26 PDT"]
[Termination "Game drawn by repetition"]

1. e4 e5 2. Nf3 Nc6 3. Bb5 a6 4.
Ba4 d6 5. O-O Bd7 6. d4 b5 7. Bb3 exd4 8. c3 dxc3 9. Nxc3 Nf6 10.
Ng5 Ne5 11. f4 Nc4 12. Qe2 h6 13. e5 dxe5 14. fxe5 Bc5+ 15. Kh1 Bg4 16. Qe1 hxg5 17. exf6+ Be6 18. fxg7 Rg8 19. Qe4 Kd7 20. Rd1+ Nd6 21.
Bxe6+ fxe6 22. Qe5 Bb4 23. Ne4 Qe7 24. Nf6+ Kc6 25.
Nd5 Qxg7 26. Nxb4+ Kb7 27. Qxg7 Rxg7 28. Nd3 Rh8 29.
Nc5+ Kc6 30. Nxe6 Rgh7 31. h3 g4 32. Ng5 Rh5 33. Bf4 Nf5 34. Rac1+ Kb6 35. Bxc7+ Kb7 36. Bf4 gxh3 37. gxh3 Rh4 38. Rf1 Nd4 39. Rc7+ Kb6 40. Rd7 Ne2 41. Be3+ Kc6 42. Rff7 Re8 43. Rc7+ Kd5 44.
Rfd7+ Ke5 45. Nf3+ Ke4 46. Nxh4 Kxe3 47. Re7+ Kf2 48.
Rxe8 Ng3+ 49. Kh2 Nf1+ 50. Kh1 Ng3+ 51. Kh2 Nf1+ 52. Kh1 Ng3+ 1/2-1/2

[Event "*** Titled Tuesday Blitz"]
[Site "Chess.com"]
[Date "2020.04.14"]
[Round "8"]
[White "dmvlad"]
[Black "PchelkinVK"]
[Result "1-0"]
[WhiteElo "2295"]
[BlackElo "2425"]
[TimeControl "180+1"]
[EndTime "11:30:26 PDT"]
[Termination "dmvlad won on time"]

1. e4 e6 2. d4 d5 3. Nc3 Nf6 4. Bg5 Bb4 5. exd5 Qxd5 6. Bxf6 gxf6 7. Qd2 Qa5 8. a3 Bxc3 9. Qxc3 Qxc3+ 10. bxc3 Nd7 11.
g3 Nb6 12. Bg2 Rb8 13. Ne2 Bd7 14. O-O Bb5 15. Rfe1 Na4 16. Nf4 Nxc3 17. d5 e5 18. Nh5 Ne2+ 19. Kh1 Ke7 20. Rab1 Ba6 21. f4 Kd6 22.
Nxf6 exf4 23. Ne4+ Kd7 24. Nc5+ Kd6 25. Ne4+ Ke7 26.
Nc3 fxg3 27. Nxe2 gxh2 28. Nf4+ Kf6 29. Kxh2 Rbe8 30. Rxe8 Rxe8 31. Kg3 Re3+ 32. Kf2 Rxa3 33. Be4 Ra4 34. Ke3 Ke5 35. Nd3+ Bxd3 36. cxd3 f5 37.
Bf3 f4+ 38. Kd2 Kd4 39. Be4 Ra2+ 40. Kc1 b6 41. Rb4+ Ke3 42. Rc4 f3 43. Rxc7 f2 44.
Rf7 Ra1+ 45. Kb2 f1=Q 46. Rxf1 Rxf1 47. Bxh7 1-0

[Event "*** Titled Tuesday Blitz"]
[Site "Chess.com"]
[Date "2020.04.14"]
[Round "8"]
[White "littleozy"]
[Black "Eloist"]
[Result "1-0"]
[WhiteElo "2411"]
[BlackElo "2256"]
[TimeControl "180+1"]
[EndTime "11:30:26 PDT"]
[Termination "littleozy won on time"]

1. a3 e5 2. b4 d5 3. Bb2 Bd6 4. e3 Nf6 5. Nf3 Nbd7 6. c4 c6 7. Be2 O-O 8. O-O Qe7 9. d3 Re8 10. Nc3 a6 11. Qb3 dxc4 12. Qxc4 Nf8 13. Ne4 Nxe4 14.
Qxe4 f5 15. Qh4 Qxh4 16. Nxh4 Be6 17. Rac1 Rad8 18. Nf3 Nd7 19. Bd1 h6 20. Nd2 Be7 21. Bb3 Bxb3 22. Nxb3 Bd6 23. Rfd1 Nb6 24. Nc5 Re7 25.
Kf1 Kf7 26. Ke2 Bxc5 27. bxc5 Nd5 28. Rc4 Ke6 29. Rb1 Rdd7 30. Bc1 Nf6 31. Bd2 e4 32.
d4 Nd5 33. f3 g5 34. Rf1 exf3+ 35. Rxf3 Kf6 36. Kd3 Kg6 37. Rc1 Re6 38. Rcf1 Rf7 39. g4 Ne7 40. gxf5+ Rxf5 41. e4 Rxf3+ 42. Rxf3 Ng8 43.
d5 cxd5 44. exd5 Rf6 45. Re3 Kf7 46. Bc3 Rf5 47. d6 Nf6 48. Re7+ Kg6 49. Bxf6 Kxf6 50.
Kd4 Rf4+ 51. Re4 Rxe4+ 52. Kxe4 Ke6 53. a4 1-0

[Event "*** Titled Tuesday Blitz"]
[Site "Chess.com"]
[Date "2020.04.14"]
[Round "8"]
[White "ntmh281"]
[Black "earling8018"]
[Result "1-0"]
[WhiteElo "2283"]
[BlackElo "2028"]
[TimeControl "180+1"]
[EndTime "11:30:26 PDT"]
[Termination "ntmh281 won by resignation"]

1. d4 d5 2. Bf4 e6 3. e3 Bd6 4. Bg3 Bxg3 5. hxg3 Qd6 6. Nf3 Nf6 7. Nbd2 Nbd7 8. c4 e5 9. cxd5 exd4 10. e4 O-O 11. Bd3 Re8 12. O-O c5 13. Nc4 Qb8 14. Re1 b5 15.
Na5 Ne5 16. Nxe5 Qxe5 17. Bxb5 Rd8 18. Nc6 Qc7 19. Nxd8 Qxd8 20. Rc1 Rb8 21. Qe2 Qe7 22. Bc6 Rb6 23. e5 Ba6 24. Qc2 Ng4 25. Qxc5 Qg5 26. Qxd4 Qh5 27. Qxg4 Qxg4 28. d6 Bc8 29. Bf3 Qe6 30.
Rc5 g5 31. Rec1 Rb8 32. b3 Kg7 33. Rc7 Qxe5 34. Rxc8 Rxc8 35. Rxc8 Qxd6 36. Ra8 Qa3 37. Bd5 Qxa2 38. Rd8 Qa1+ 39. Kh2 Qf6 40. Rd7 Qxf2 41. Rxf7+ Qxf7 42. Bxf7 Kxf7 43. g4 Kf6 44. Kg3 Ke5 45.
Kf3 Kd4 46. Ke2 Kc3 47. Ke3 Kxb3 48. Ke4 a5 49. Kf5 a4 50. Kxg5 a3 51. Kh6 a2 52.
Kxh7 a1=Q 53. g5 Qf6 54. gxf6 1-0

[Event "*** Titled Tuesday Blitz"]
[Site "Chess.com"]
[Date "2020.04.14"]
[Round "8"]
[White "Justinz"]
[Black "BlackWidow515"]
[Result "1-0"]
[WhiteElo "2271"]
[BlackElo "1986"]
[TimeControl "180+1"]
[EndTime "11:30:26 PDT"]
[Termination "Justinz won by resignation"]

1. e4 e5 2. Nf3 Nc6 3. Nc3 d6 4.
d4 exd4 5. Nxd4 Nf6 6. Nde2 Be7 7. g3 O-O 8. Bg2 Be6 9. O-O Nd7 10. b3 f5 11. Nf4 Bf7 12. exf5 Bf6 13. Bb2 Nde5 14. Re1 Qd7 15. Ne6 Rfe8 16. Bh3 Nd8 17. f4 Nec6 18.
Qd5 Kh8 19. Rad1 Ne7 20. Qd3 Nxf5 21. Bxf5 Nxe6 22. Na4 Bxb2 23. Nxb2 g6 24. Bh3 Qc6 25. Nc4 Nc5 26. Qd4+ Kg8 27. Ne3 Qe4 28. Qd2 Qe7 29.
Nd5 Qd8 30. Rxe8+ Bxe8 31. Qd4 Nd7 32. Re1 c6 33. Re7 Bf7 34. Rxd7 cxd5 35. Rxd8+ Rxd8 36. Qf6 Re8 37. Qxd6 a6 38. Qd7 b5 39. f5 gxf5 40. Bxf5 Re1+ 41. Kf2 Re8 42. g4 h6 43. h4 Re5 44.
Qc8+ Re8 45. Qxa6 d4 46. Qxb5 Rd8 47. Kg3 Rd5 48. Qb8+ Kg7 49. Kf4 Rc5 50. Qd6 Rc3 51. Qxd4+ 1-0

[Event "*** Titled Tuesday Blitz"]
[Site "Chess.com"]
[Date "2020.04.14"]
[Round "8"]
[White "pedroholly22"]
[Black "Morshynska"]
[Result "1-0"]
[WhiteElo "2339"]
[BlackElo "2155"]
[TimeControl "180+1"]
[EndTime "11:30:27 PDT"]
[Termination "pedroholly22 won on time"]

1. Nf3 Nf6 2. b3 b6 3. Bb2 Bb7 4. g3 g6 5. Bg2 Bg7 6. O-O O-O 7. d4 d6 8. c4 e5 9. dxe5 Ng4 10. Qd2 Nxe5 11. Nxe5 Bxg2 12. Nxf7 Rxf7 13. Kxg2 Bxb2 14. Qxb2 Nc6 15. Nc3 Ne5 16. h3 Qd7 17. e4 Re8 18. f4 Nc6 19. Rae1 Ne7 20. Nd5 Nxd5 21. exd5 Rfe7 22. Qf2 Qf5 23. g4 Qd3 24. Rxe7 Rxe7 25. Re1 Rxe1 26. Qxe1 Qc2+ 27. Kg3 Qxa2 28. Qe8+ Kg7 29. Qe7+ Kg8 30. Qd8+ Kg7 31. Qxc7+ Kg8 32.
Qc8+ Kg7 33. Qd7+ Kg8 34. Qe8+ Kg7 35. Qe7+ Kg8 36. Qxd6 Qxb3+ 37. Kh4 Qxc4 38. Qb8+ Kg7 39. Qxa7+ Kg8 40. Qa8+ Kg7 41. Qb7+ Kg8 42. Qb8+ Kg7 43. Qe5+ Kg8 44. d6 Qc8 45. Qd5+ Kf8 46. d7 Qd8+ 47.
Kg3 Ke7 48. f5 1-0

[Event "*** Titled Tuesday Blitz"]
[Site "Chess.com"]
[Date "2020.04.14"]
[Round "8"]
[White "mirochka"]
[Black "Everyfishknows"]
[Result "1-0"]
[WhiteElo "2260"]
[BlackElo "2332"]
[TimeControl "180+1"]
[EndTime "11:30:28 PDT"]
[Termination "mirochka won on time"]

1. e4 e5 2. Nf3 Nc6 3. d4 exd4 4. c3 d5 5. exd5 Qxd5 6. cxd4 Nf6 7.
Nc3 Bb4 8. Be2 O-O 9. O-O Qd8 10. Bg5 Be7 11. a3 h6 12. Bh4 Bg4 13. Bg3 Bxf3 14. Bxf3 Nxd4 15. Bxb7 Rb8 16. Ba6 Rxb2 17. Re1 Nc2 18.
Qc1 Nxe1 19. Qxb2 Nd3 20. Qc2 Nc5 21. Rd1 Bd6 22. Bc4 Qe7 23. Bh4 g5 24. Qg6+ Kh8 25.
Qxh6+ Nh7 26. Nd5 Qe6 27. Bxg5 Qxh6 28. Bxh6 Re8 29. Kf1 c6 30. Nf6 Nxf6 31. Rxd6 Ng4 32. Rxc6 Nxh2+ 33. Kg1 Ng4 34. g3 Nxh6 35. Rxh6+ Kg7 36. Rc6 Re5 37. Rc7 Re1+ 38. Kg2 Na4 39. Rxf7+ Kg6 40. Rxa7 Nc3 41. a4 Rc1 42. Bd3+ Kf6 43. a5 Nd1 44. a6 Rc3 45. Be4 Ra3 46. Ra8 Ra2 47. Rf8+ Kg7 48. Rd8 Rxf2+ 49. Kh3 Ra2 50.
Bb7 1-0

[Event "*** Titled Tuesday Blitz"]
[Site "Chess.com"]
[Date "2020.04.14"]
[Round "8"]
[White "Semen_Khanin"]
[Black "BilguunSu"]
[Result "0-1"]
[WhiteElo "2605"]
[BlackElo "2707"]
[TimeControl "180+1"]
[EndTime "11:30:29 PDT"]
[Termination "BilguunSu won by resignation"]

1. e4 c5 2. Nf3 e6 3. d4 cxd4 4. Nxd4 a6 5. c4 Nf6 6. Nc3 Qc7 7. a3 b6 8. Be3 Bb7 9. f3 d6 10. Rc1 Nbd7 11. Be2 Be7 12. O-O O-O 13. b4 Rfc8 14. Qd2 Qd8 15. Rfd1 Qf8 16. Nb3 Rab8 17. Bf4 Ne5 18.
c5 bxc5 19. bxc5 Rd8 20. Na5 dxc5 21. Qe3 Bd6 22. Nxb7 Rxb7 23. Rxd6 Qxd6 24. Rd1 Qb8 25. Rxd8+ Qxd8 26. Bxe5 Nd7 27. Bd6 Qb6 28. e5 Qb2 29. Ne4 Qd4 30. Qxd4 cxd4 31. Bxa6 Rb1+ 32. Kf2 Rb2+ 33.
Kg3 f5 34. Nc5 Nxc5 35. Bxc5 Rd2 36. Bb4 Rc2 37. Bd3 Rb2 38. Bc4 Kf7 39. f4 Rc2 40. Bd3 Rb2 41. Kf3 Rb3 42. Ke2 Rb2+ 43. Bd2 Ra2 44. Bc4 Rxa3 45. Bc1 Rc3 46. Bb2 Rxc4 47. Kd3 Ra4 48. Bxd4 Ra2 49. g3 Rxh2 50. Ke3 Ra2 51. Kf3 Kg6 52. Bc5 Rc2 53. Be7 Rc3+ 54. Kg2 Kh5 55. Kh3 h6 56. Bf8 g5 57. fxg5 hxg5 58. Kg2 Kg4 0-1

[Event "*** Titled Tuesday Blitz"]
[Site "Chess.com"]
[Date "2020.04.14"]
[Round "8"]
[White "avocadosheena"]
[Black "tamarozi99"]
[Result "1-0"]
[WhiteElo "2153"]
[BlackElo "1949"]
[TimeControl "180+1"]
[EndTime "11:30:29 PDT"]
[Termination "avocadosheena won by resignation"]

1. d4 Nf6 2. c4 g6 3. Nc3 Bg7 4. e4 d6 5. Nf3 O-O 6. Be2 e5 7. O-O Nc6 8. d5 Ne7 9. Ne1 Nd7 10. f3 f5 11. g4 fxg4 12. fxg4 Rxf1+ 13. Kxf1 Qf8+ 14.
Kg2 a5 15. Nd3 h6 16. h4 Nf6 17. Nf2 c6 18. Be3 cxd5 19. cxd5 Bd7 20. Rc1 Rc8 21. Nb5 Bxb5 22. Bxb5 Rxc1 23. Qxc1 Kh7 24. Qc7 h5 25. g5 Ng4 26. Nxg4 hxg4 27. Be2 Nf5 28. exf5 gxf5 29. Qc2 Kh8 30. Bb6 e4 31. Qc7 f4 32.
Bxg4 f3+ 33. Kf2 Bxb2 34. Qd8 Qxd8 35. Bxd8 Bd4+ 36. Kg3 b6 37. Bf5 f2 38. Kg2 e3 39.
Bd3 Kg8 40. Bf6 Bxf6 41. gxf6 Kf7 42. Kf3 Kxf6 43. Kxe3 Ke5 44. Kxf2 Kxd5 45. h5 Ke6 46. h6 Kf6 47. Ke3 b5 48. Kd4 d5 49. Kxd5 b4 50.
Kc4 Kf7 51. Kb5 a4 52. Kxa4 1-0

[Event "*** Titled Tuesday Blitz"]
[Site "Chess.com"]
[Date "2020.04.14"]
[Round "8"]
[White "wonderfultime"]
[Black "josmito10"]
[Result "1-0"]
[WhiteElo "2943"]
[BlackElo "2750"]
[TimeControl "180+1"]
[EndTime "11:30:30 PDT"]
[Termination "wonderfultime won by resignation"]

1. d4 Nf6 2. Nf3 d5 3. c4 e6 4. Nc3 Bb4 5. Bg5 dxc4 6. e4 c5 7. Bxc4 cxd4 8. Nxd4 Qa5 9. Bd2 Qc5 10. Bb5+ Bd7 11.
Nb3 Qe7 12. Bd3 Nc6 13. O-O O-O 14. a3 Bd6 15. f4 e5 16. f5 h6 17. Be1 Nd4 18.
Bh4 Bc6 19. Na5 Rfd8 20. Kh1 Bc5 21. b4 Bb6 22. Nc4 Bc7 23. Ra2 Nb5 24. Nxb5 Bxb5 25. Qf3 Rd4 26. Rc2 Rad8 27. Be2 Bc6 28. Qg3 Bxe4 29. Rcc1 Bd3 30. Bxd3 Rxd3 31. Qf2 R3d4 32. h3 a6 33. Rfe1 Bb8 34. Ne3 Ne4 35. Bxe7 Nxf2+ 36. Kg1 Nd3 37. Bxd8 Nxc1 38. Bb6 Rd6 39. Rxc1 Rxb6 40. Rc8+ Kh7 41. Rxb8 a5 42. bxa5 Rb3 43. Nc4 e4 44. a6 1-0

[Event "*** Titled Tuesday Blitz"]
[Site "Chess.com"]
[Date "2020.04.14"]
[Round "8"]
[White "Mfcyryd"]
[Black "machupichu10"]
[Result "0-1"]
[WhiteElo "2510"]
[BlackElo "2811"]
[TimeControl "180+1"]
[EndTime "11:30:30 PDT"]
[Termination "machupichu10 won on time"]

1. e4 c5 2. Nf3 e6 3. d4 cxd4 4. Nxd4 Nc6 5. Nc3 Qc7 6. g3 a6 7. Bg2 d6 8. O-O Bd7 9. a4 Nf6 10. Nb3 Be7 11. a5 O-O 12. Be3 Ne5 13. Bb6 Qc8 14.
Nd2 Bc6 15. f4 Ned7 16. Be3 Qc7 17. g4 d5 18. e5 Ne4 19. Ndxe4 dxe4 20. Nxe4 Rfd8 21.
Qe1 Nc5 22. Qc3 Nxe4 23. Bxe4 Qd7 24. Bxc6 bxc6 25. Bb6 Qd5 26. Rad1 Qxd1 27. Rxd1 Rxd1+ 28. Kf2 Rc8 29. Qc4 Rd2+ 30. Ke3 Rxh2 31. Qxa6 Rf8 32. Qb7 Bh4 33. a6 Rxc2 34. a7 Rxb2 35. a8=Q Bf2+ 36. Kd3 Bxb6 37. Qxf8+ Kxf8 38. Qb8+ Ke7 39. Qd6+ Ke8 40. Qxc6+ Ke7 41. Kc3 Rb1 42. Kc2 Rg1 0-1

[Event "*** Titled Tuesday Blitz"]
[Site "Chess.com"]
[Date "2020.04.14"]
[Round "8"]
[White "Nikolakis2014"]
[Black "Orest_Vovk"]
[Result "0-1"]
[WhiteElo "2684"]
[BlackElo "2525"]
[TimeControl "180+1"]
[EndTime "11:30:30 PDT"]
[Termination "Orest_Vovk won by resignation"]

1. Nf3 h6 2. d4 g5 3. c4 Bg7 4. g3 c5 5. dxc5 Qa5+ 6. Bd2 Qxc5 7. Bc3 Bxc3+ 8. Nxc3 Nf6 9. Rc1 Nc6 10. Nd5 Nxd5 11. cxd5 Qa5+ 12. Qd2 Qxd2+ 13. Kxd2 Nb4 14. e4 Nxa2 15. Rc4 a5 16. Nd4 d6 17. Ra4 Nb4 18. Bb5+ Bd7 19. Rha1 Bxb5 20. Nxb5 Kd7 21. Rxa5 Rxa5 22.
Rxa5 Na6 23. Nc3 Rc8 24. Rb5 Rc7 25. f4 gxf4 26. gxf4 Kc8 27. Ke3 Rc4 28. Ra5 Nc5 29. Ra8+ Kd7 30. Rf8 f6 31. Ra8 Rb4 32. Ra2 h5 33. h4 Rb3 34. Kd4 b5 35. Ra7+ Ke8 36. e5 Rb4+ 37. Ke3 fxe5 38. fxe5 dxe5 39. Rc7 Na4 40.
Ne4 Nxb2 41. Nc5 Nc4+ 42. Kf2 Nd6 43. Ne6 Rxh4 44. Ra7 Kf7 45. Ra8 e4 46. Rf8+ Kg6 47.
Rg8+ Kf6 48. Rf8+ Ke5 49. Nc7 Kd4 50. Kg3 Rg4+ 51. Kh3 e3 52. Ne6+ Kxd5 53. Nf4+ Rxf4 54. Rxf4 e2 0-1

[Event "*** Titled Tuesday Blitz"]
[Site "Chess.com"]
[Date "2020.04.14"]
[Round "8"]
[White "Etoilegeniale"]
[Black "GracefulYear"]
[Result "1-0"]
[WhiteElo "2529"]
[BlackElo "2672"]
[TimeControl "180+1"]
[EndTime "11:30:30 PDT"]
[Termination "Etoilegeniale won by checkmate"]

1. e4 c6 2. d4 d5 3. exd5 cxd5 4. Bd3 Nf6 5. c3 Nc6 6. Nf3 Bg4 7. Bf4 e6 8. Nbd2 Bd6 9. Bxd6 Qxd6 10. O-O O-O 11. Re1 a6 12. h3 Bh5 13. Qb3 b5 14. Ne5 Na5 15. Qc2 Bg6 16. Nxg6 hxg6 17. g3 Nc4 18. Nf3 Rac8 19. a3 Qc7 20. Kg2 a5 21. h4 Qd6 22. Ne5 b4 23. axb4 axb4 24.
Ra7 bxc3 25. bxc3 Qb6 26. Rea1 Nd6 27. R1a6 Qb8 28. Qa4 Nde4 29. Bxe4 Nxe4 30. Nd7 Qb2 31. Qa2 Qxa2 32. Rxa2 Rfd8 33. Ne5 Rf8 34. Rd7 Rxc3 35. Raa7 Rc2 36. Rxf7 Rxf2+ 37. Rxf2 Rxf2+ 38. Kh3 Rf6 39. Ra8+ Kh7 40. Nd7 Rf1 41. Nf8+ Kh6 42. Nxe6 Kh7 43. Ng5+ Nxg5+ 44. hxg5 Rd1 45. Ra4 Kg8 46. Kg4 Kf7 47. Kf4 Ke6 48. Ra6+ Kf7 49. Ke5 Rg1 50. Ra7+ Kg8 51.
Kxd5 Rxg3 52. Ke6 Rxg5 53. d5 Rg1 54. Ra8+ Kh7 55. d6 Re1+ 56. Kd5 Rd1+ 57. Ke6 g5 58. d7 Re1+ 59. Kf5 Rf1+ 60. Kxg5 Rg1+ 61. Kf4 Rf1+ 62. Kg3 Rg1+ 63. Kf2 Rd1 64. d8=Q Rxd8 65. Rxd8 g5 66.
Kf3 Kg6 67. Kg4 Kf6 68. Rd5 Kg6 69. Rxg5+ Kh6 70. Ra5 Kg6 71. Ra6+ Kf7 72. Kf5 Ke7 73. Rh6 Kd7 74. Ke5 Ke7 75. Rh7+ Kf8 76. Kf6 Ke8 77.
Ra7 Kd8 78. Ke6 Ke8 79. Ra8# 1-0

[Event "*** Titled Tuesday Blitz"]
[Site "Chess.com"]
[Date "2020.04.14"]
[Round "8"]
[White "Disturbed01"]
[Black "GMMatamoros"]
[Result "0-1"]
[WhiteElo "2642"]
[BlackElo "2522"]
[TimeControl "180+1"]
[EndTime "11:30:30 PDT"]
[Termination "GMMatamoros won by checkmate"]

1. d4 Nf6 2. c4 c5 3. d5 g6 4. Nc3 Bg7 5. e4 d6 6. h3 O-O 7. Nf3 e6 8. Bd3 exd5 9. exd5 Re8+ 10. Be3 Nbd7 11. O-O a6 12. a4 Ne5 13. Nxe5 Rxe5 14.
Bf4 Re8 15. Qd2 Nh5 16. Bg5 Bf6 17. Bh6 Bg7 18. Bxg7 Kxg7 19. Rae1 Bd7 20. g4 Qh4 21. gxh5 Bxh3 22. h6+ Kg8 23. Ne4 Bxf1 24. Rxf1 Rxe4 25.
Bxe4 Qxe4 26. Re1 Qg4+ 27. Kh2 g5 28. Re3 Qf4+ 29. Kg1 f6 30. Qe2 Rf8 31. Re7 Qf5 32.
Rxb7 Qb1+ 33. Kh2 Qf5 34. Kg1 Qe5 35. Qg4 Qe1+ 36. Kg2 Qe5 37. Qd7 Qe4+ 38. Kh2 Qh4+ 39. Kg1 Qxh6 40. Qe6+ Kh8 41. Re7 Rg8 42. Rf7 Qg6 43.
Rxf6 Qb1+ 44. Kg2 Qxb2 45. Rf7 Qe5 46. Qd7 Qe4+ 47. Kh2 g4 48. Re7 Qf4+ 49. Kg2 g3 50. Kg1 Qxf2+ 51. Kh1 Qh2# 0-1

[Event "*** Titled Tuesday Blitz"]
[Site "Chess.com"]
[Date "2020.04.14"]
[Round "8"]
[White "Bad_left_hook"]
[Black "JakeCarlosBanawa"]
[Result "1-0"]
[WhiteElo "2556"]
[BlackElo "2336"]
[TimeControl "180+1"]
[EndTime "11:30:30 PDT"]
[Termination "Bad_left_hook won by resignation"]

1. Nf3 Nf6 2. g3 b6 3. Bg2 Bb7 4. O-O e6 5. d4 Be7 6. c4 O-O 7. Nc3 d5 8. Ne5 Nbd7 9. b3 c6 10. Nxd7 Qxd7 11. Bb2 Rfd8 12. Qc2 Rac8 13. Rad1 Ba6 14. e4 dxc4 15. Qe2 Qc7 16. bxc4 c5 17. d5 exd5 18. Nxd5 Nxd5 19. exd5 Re8 20. Qg4 Bf8 21. d6 h5 22. Qxh5 Qd7 23. Bh3 Re6 24. Bxe6 Qxe6 25.
Qd5 Bxc4 26. Qxe6 Bxe6 27. h4 f6 28. Rfe1 Kf7 29. Bc1 Bxa2 30. Bf4 Be6 31. Ra1 a5 32. Reb1 Rc6 33. Rd1 Ke8 34. Rab1 Kd7 35. Kf1 c4 36. Ke1 c3 37. Rd4 c2 38. Rc1 b5 39.
Kd2 Bb3 40. Rd3 a4 41. Rc3 Bxd6 42. Rxc6 Kxc6 43. Bxd6 Kxd6 44. Re1 a3 45. Kc3 Ba4 46. Kb4 Kd5 47. Kxa3 Kc4 48. Kb2 Kd3 49. Re7 Kd2 50. Rd7+ Ke2 51. Rxg7 Kxf2 52. h5 Ke3 53. h6 Kd2 54. Rd7+ Ke2 55. h7 b4 56. Rc7 Kd1 57.
h8=Q 1-0

[Event "*** Titled Tuesday Blitz"]
[Site "Chess.com"]
[Date "2020.04.14"]
[Round "8"]
[White "Rish_97"]
[Black "serhanberat_ozdemir"]
[Result "1-0"]
[WhiteElo "2605"]
[BlackElo "2446"]
[TimeControl "180+1"]
[EndTime "11:30:31 PDT"]
[Termination "Rish_97 won by checkmate"]

1. e4 c5 2. Nf3 e6 3. g3 d5 4. exd5 exd5 5. d4 Nf6 6. Bg2 Be7 7. O-O O-O 8. dxc5 Bxc5 9. Nc3 Be6 10. a3 h6 11. b4 Bb6 12. Bb2 Nc6 13. Na4 Rc8 14.
Nxb6 Qxb6 15. Bxf6 gxf6 16. Qd2 Kg7 17. Rfe1 Rfe8 18. Rab1 Ne7 19. b5 Ng6 20. Nd4 Qc5 21. Re3 Ne5 22. Qd1 Bg4 23. f3 Be6 24. c3 Nc4 25.
Re1 Nxa3 26. Rb3 Nc4 27. h4 Bd7 28. Kh2 Rxe1 29. Qxe1 Re8 30. Qc1 Re3 31. Rb4 Rd3 32. Qf4 Rxc3 33. Ra4 Rd3 34. Nf5+ Bxf5 35. Qxf5 Rd2 36.
Qg4+ Kf8 37. Qf4 Qf2 38. Qxh6+ Ke8 39. Kh3 Qxg2+ 40. Kg4 f5+ 41. Kxf5 Qxf3+ 42. Kg5 Qg4+ 43. Kxg4 Rd4+ 44. Kh3 Ne5 45. Qh8+ Kd7 46. Rxd4 Ng6 47. Rxd5+ Ke6 48. Qd8 Ne7 49. Qd6# 1-0